Map: Pillars of Gold LE

Players

FrameSticker

  • Race: Protoss Protoss
  • League: Diamond
  • Spawn Location: 1:00

Davidcito - Winner!

  • Race: Zerg Zerg
  • League: Diamond
  • Spawn Location: 7:00

VOD

Have the link to the VOD?

Description

Time

  • Played on: Aug. 20, 2020, 1:15 p.m.
  • Length: 3:35
Show
View Real Time Build Order
Export as new Build Order

FrameSticker Protoss 

Build Orders:  

Get SALT Encoding   

  12  0:00  Probe  
  13  0:12  Probe  
  14  0:19  Pylon  
  14  0:24  Probe  
  15  0:38  Gateway  
  15  0:39  Probe (Chrono Boost)  
  16  0:49  Probe (Chrono Boost)  
  17  0:50  Assimilator  
  17  0:54  Probe (Chrono Boost)  
  18  1:05  Probe  
  19  1:18  Probe  
  20  1:25  Zealot  
  22  1:26  Gateway  
  22  1:30  Cybernetics Core  
  21  1:38  Pylon  
  21  1:39  Probe  
  22  1:46  Assimilator  
  22  1:56  Zealot (Chrono Boost)  
  22  1:57  Probe  
  27  2:19  Adept (Chrono Boost)  
  27  2:20  Adept (Chrono Boost)  
  29  2:31  Shield Battery  
  29  2:48  Nexus  
  29  2:54  Pylon, Probe  
  30  3:11  Probe  
  31  3:21  Stargate  
  31  3:23  Probe  
Show
View Real Time Build Order
Export as new Build Order

Davidcito Zerg - Winner!

Build Orders: 1 Base Baneling Bust, Pool Only 

Get SALT Encoding   

  12  0:01  Drone  
  13  0:23  Spawning Pool  
  13  0:26  Extractor  
  11  0:28  Drone  
  11  0:33  Drone  
  13  0:38  Drone  
  14  0:49  Overlord  
  14  1:10  Queen  
  14  1:11  Zergling x2  
  17  1:13  Zergling x2  
  17  1:18  Zergling x2  
  19  1:27  Metabolic Boost  
  19  1:37  Zergling x4  
  21  1:46  Overlord  
  21  1:58  Baneling Nest  
  21  2:01  Zergling x2  
  21  2:12  Zergling x2  
  22  2:20  Zergling x4  
  22  2:21  Zergling x2  
  25  2:30  Zergling x4  
  26  2:41  Zergling x2  
  27  2:51  Baneling x2  
  27  2:52  Baneling x2  
  27  3:07  Zergling x6  
Tags
 
Add a new tag
Caveats
  • Supply blocks, unpowered buildings, or Contaminate may cause inaccurate times.
  • Supply counts are checked every 10 seconds.